 Dungeon Crawl Stone Soup version 0.24.0-125-gc4c63601f3 (webtiles) character file.

Game seed: 10475964408160311843, levelgen mode: deterministic

121 Acheron the Skirmisher (level 5, -5/34 HPs)
             Began as a Tengu Wanderer on Mar 3, 2020.
             Slain by an iguana (6 damage)
             ... on level 4 of the Dungeon.
             The game lasted 00:13:24 (2337 turns).

Acheron the Skirmisher (Tengu Wanderer)             Turns: 2337, Time: 00:13:24

Health: -5/34      AC:  7    Str: 11    XL:     5   Next: 5%
Magic:  7/7        EV: 10    Int: 14    God:
Gold:   59         SH:  3    Dex: 14    Spells: 5/5 levels left

rFire    . . .     SeeInvis .   p - +0 short sword
rCold    . . .     Gourm    .   t - +0 buckler
rNeg     . . .     Faith    .   s - +0 ring mail
rPois    .         Spirit   .   (helmet restricted)
rElec    .         Reflect  .   k - +0 cloak
rCorr    .         Harm     .   y - +0 pair of gloves
MR       .....                  (boots unavailable)
Stlth    ++........             (no amulet)
HPRegen  0.11/turn              (no ring)
MPRegen  0.10/turn              (no ring)

@: no status effects
A: beak, talons 3, able to fly
a: Fly


You were on level 4 of the Dungeon.
You were not hungry.

You visited 1 branch of the dungeon, and saw 4 of its levels.

You collected 59 gold pieces.

Inventory:

Hand Weapons
 a - a +0 dagger
 j - a +0 hunting sling
 p - a +0 short sword (weapon)
 w - a +5 spear of flaming
 G - a +0 hand axe of freezing
Missiles
 o - 84 stones
 x - 17 poisoned darts (quivered)
Armour
 e - a +0 robe
 k - a +0 cloak (worn)
 l - a +0 chain mail
 s - a +0 ring mail (worn)
 t - a +0 buckler (worn)
 y - a +0 pair of gloves (worn)
Jewellery
 n - an uncursed ring of wizardry {unknown}
 E - a +5 ring of protection {unknown}
 F - an uncursed amulet of magic regeneration {unknown}
Scrolls
 b - 2 scrolls of fear
 c - 2 scrolls of teleportation
 h - 3 scrolls of remove curse
 i - 4 scrolls of identify
 m - 2 scrolls of blinking
 r - 2 scrolls of immolation {unknown}
 u - a scroll of enchant armour {unknown}
 v - a scroll of noise {unknown}
Potions
 d - 3 potions of lignification
 f - 2 potions of haste
 q - a potion of degeneration {unknown}
 z - a potion of might {unknown}
 B - a potion of invisibility
 C - a potion of brilliance {unknown}
 D - a potion of curing {unknown}
Comestibles
 g - 6 rations


   Skills:
 * Level 4.9 Fighting
 + Level 1.3 Short Blades
   Level 1.1 Crossbows
 + Level 1.2 Throwing
 * Level 1.3 Armour
 * Level 1.6 Dodging
 * Level 3.0 Stealth
 + Level 0.1 Shields
 + Level 1.1 Unarmed Combat
 * Level 0.7 Spellcasting


You had 5 spell levels left.
You didn't know any spells.
Your spell library was empty.

Dungeon Overview and Level Annotations

Branches:
Dungeon (4/15)
 Temple: D:4-7

Altars:
Ashenzari
Nemelex Xobeh

Annotations:
D:2 exclusion: downstairs


Innate Abilities, Weirdness & Mutations

You have a beak for a mouth.
You have claws for feet.
You can fly continuously.


Message History

You hit the iguana. You peck the iguana, but do no damage.
The iguana is severely wounded.
The iguana bites you!
You hit the iguana but do no damage.
The iguana is severely wounded.
The iguana bites you but does no damage.
You closely miss the iguana. You claw the iguana, but do no damage.
Your peck misses the iguana.
The iguana is severely wounded.
The iguana barely misses you.
You closely miss the iguana. Your kick misses the iguana.
Your peck misses the iguana.
The iguana is severely wounded.
The iguana bites you!
* * * LOW HITPOINT WARNING * * *
You block the iguana's attack.
You hit the iguana. You claw the iguana, but do no damage.
The iguana is severely wounded.
The iguana bites you.
You die...

#..######.#
########....(....#
#.......#.######.#
#.......#.# #.#
#####..)$...#.# ####..
............#.###.....
####.......#.....#.#.
#.l.....#####.....
#@......# ##.#.#.
####.#### #...... #...
#..#.#. ####.# #......
####..###. #........
#.####### #. #.# #.
#.#


You could see an iguana.

Vanquished Creatures
  A howler monkey (D:4)
  2 adders (D:3)
  3 dart slugs
  3 leopard geckos
  A ball python (D:1)
  5 bats
  A giant cockroach (D:1)
  6 hobgoblins
  6 jackals (D:3)
  2 frilled lizards
  6 goblins
  12 kobolds
  6 rats
54 creatures vanquished.

Notes
Turn   | Place    | Note
-------+----------+-------------------------------------------
     0 | D:1      | Acheron the Tengu Wanderer began the quest for the Orb.
     0 | D:1      | Acheron set off with the following items: a +0 dagger, a
                  | scroll of fear, a scroll of teleportation, a potion of
                  | lignification, a +0 robe, a potion of haste, a ration
     0 | D:1      | Reached XP level 1. HP: 15/15 MP: 2/2
   388 | D:2      | Reached XP level 2. HP: 20/20 MP: 3/3
   575 | D:3      | Found a shattered altar of Ashenzari.
   575 | D:3      | Found a sparkling altar of Nemelex Xobeh.
   607 | D:3      | Reached XP level 3. HP: 22/24 MP: 4/4
  1294 | D:1      | Reached XP level 4. HP: 30/30 MP: 5/5
  2051 | D:2      | Reached skill level 1 in Short Blades
  2277 | D:4      | Reached skill level 1 in Armour
  2277 | D:4      | Gained mutation: You can fly continuously. [Tengu growth]
  2277 | D:4      | Reached XP level 5. HP: 23/34 MP: 5/7
  2336 | D:4      | HP: 1/34 [iguana (12)]
  2337 | D:4      | Slain by an iguana

Levels and vault maps discovered:
D:1:      lightli_arrival_farm, layout_loops_cross
D:2:      layout_rooms
D:3:      corexii_shack_village, layout_rooms,
          chequers_temple_overflow_statue_of_worship, first_ration
D:4:      layout_loops_ring, serial_glass, glass_columns_b, glass_columns_c,
          item_on_display_a, feat_on_display, serial_shops,
          nicolae_shop_window_shopping

Skill      XL: |  1  2  3  4 |
---------------+-------------+-----
Short Blades   | 1 |  1.3
Armour         | 1 |  1.3
Stealth        | 3 |  3.0
Fighting       | |  4.9
Crossbows      | |  1.1
Throwing       | |  1.2
Dodging        | |  1.6
Shields        | |  0.1
Unarmed Combat | |  1.1
Spellcasting   | |  0.7

Action                   |  1- 3 |  4- 6 || total
-------------------------+-------+-------++-------
Melee: Dagger            |    27 |       ||    27
       Kick              |    25 |    22 ||    47
       Peck              |    12 |    10 ||    22
       Short sword       |    61 |    74 ||   135
Throw: Dart              |       |     1 ||     1
  Use: Scroll            |       |     3 ||     3
 Stab: Sleeping          |     4 |     1 ||     5
  Eat: Chunk             |     1 |     4 ||     5
Armor: Robe              |     7 |       ||     7
       Ring mail         |    24 |    40 ||    64
Dodge: Dodged            |    54 |    54 ||   108
Block: Buckler           |    12 |    16 ||    28
